 Dungeon Crawl Stone Soup version 0.27-a0-1140-g099f9bb0e8 (webtiles) character file.

Game seed: 47513631931797085

401530 leviel the Executioner (level 21, -12/191 HPs)
             Began as a Minotaur Fighter on May 9, 2021.
             Was a High Priest of the Shining One.
             Splashed by a tengu reaver's acid (15 damage)
             ... led by Sojobo
             ... on level 3 of the Vaults.
             The game lasted 01:51:51 (40209 turns).

leviel the Executioner (Minotaur Fighter)          Turns: 40209, Time: 01:51:51

Health: -12/191    AC: 21    Str: 33    XL:     21   Next: 97%
Magic:  29/29      EV:  8    Int:  5    God:    the Shining One [*****.]
Gold:   1682       SH: 35    Dex: 17    Spells: 20/20 levels left

rFire    . . .     SeeInvis .   a - +5 broad axe (elec)
rCold    . . .     Faith    .   J - +7 tower shield "Reunin" {Will+ Slay+3}
rNeg     + + +     Spirit   .   x - +10 plate armour
rPois    +         Reflect  .   m - +1 hat
rElec    .         Harm     .   T - +1 cloak of Lacoom {Fly}
rCorr    .         Rampage  .   u - +0 pair of gloves
Will     ++...                  w - +2 pair of boots "Yzerch" {rN+ Str+3}
Stlth    ..........             K - amulet of regeneration
HPRegen  1.41/turn              g - ring of poison resistance
MPRegen  0.21/turn              j - +6 ring of dexterity

@: corroded, flying, glowing, studying Ice Magic
A: horns 2, retaliatory headbutt
}: 3/15 runes: decaying, serpentine, silver
a: Renounce Religion, Divine Shield, Cleansing Flame, Summon Divine Warrior


You were on level 3 of the Vaults.
You worshipped the Shining One.
The Shining One was extremely pleased with you.
You visited 8 branches of the dungeon, and saw 38 of its levels.
You visited the Abyss 1 time.
You also visited: Ice Cave.

You collected 3120 gold pieces.
You spent 1438 gold pieces at shops.

Inventory:

Hand Weapons
 a - a +5 broad axe of electrocution (weapon)
 b - a +0 war axe of flaming
 P - a +4 sacred scourge of holy wrath
Armour
 m - a +1 hat (worn)
 u - a +0 pair of gloves (worn)
 w - the +2 pair of boots "Yzerch" (worn) {rN+ Str+3}
   (You found it on level 4 of the Vaults)

   It affects your strength (+3).
   It protects you from negative energy.
 x - a +10 plate armour (worn)
 J - the +7 tower shield "Reunin" (worn) {Will+ Slay+3}
   (You acquired it on level 14 of the Dungeon)

   It affects your accuracy and damage with ranged weapons and melee attacks
   (+3).
   It increases your willpower.
 T - the +1 cloak of Lacoom (worn) {Fly}
   (You found it on level 6 of the Lair of Beasts)

   It grants you flight.
Jewellery
 g - a ring of poison resistance (left hand)
 j - a +6 ring of dexterity (right hand)
 o - a ring of protection from fire
 z - a ring of resist corrosion
 K - an amulet of regeneration (around neck)
 S - a +6 ring of dexterity
 W - a +6 ring of strength
Wands
 e - a wand of charming (15)
 f - a wand of flame (44) (quivered)
 i - a wand of polymorph (21)
 k - a wand of digging (20)
 n - a wand of acid (17)
 y - a wand of iceblast (44)
 Q - a wand of paralysis (31)
 X - a wand of mindburst (12)
Scrolls
 l - 8 scrolls of teleportation
 p - 2 scrolls of magic mapping
 q - 6 scrolls of brand weapon
 v - a scroll of enchant armour
 C - 22 scrolls of identify
 L - 2 scrolls of fog
Potions
 c - 7 potions of lignification
 d - a potion of might
 h - a potion of mutation
 r - 14 potions of curing
 s - a potion of heal wounds
 F - 4 potions of berserk rage
 M - 3 potions of brilliance
 N - 4 potions of ambrosia
 O - a potion of resistance
 R - a potion of cancellation
Miscellaneous
 t - a phantom mirror


   Skills:
 + Level 17.3 Fighting
 * Level 25.4 Axes
 - Level 11.2 Armour
 - Level 25.0 Shields
 - Level 12.5 Invocations
 - Level 10.0 Evocations


You had 20 spell levels left.
You didn't know any spells.
Your spell library contained the following spells:

 Spells                   Type           Power      Damage    Failure   Level
 Animate Skeleton         Necr           0%         N/A       97%         1
 Foxfire                  Conj/Fire      0%         2x1d4     97%         1
 Freeze                   Ice            0%         1d3       97%         1
 Magic Dart               Conj           0%         1d3       97%         1
 Pain                     Necr           0%         1d4       97%         1
 Sandblast                Erth           0%         2d4       97%         1
 Sting                    Tmut/Pois      0%         1d3       97%         1
 Summon Small Mammal      Summ           0%         N/A       97%         1
 Blink                    Tloc           N/A        N/A       99%         2
 Call Imp                 Summ           0%         N/A       99%         2
 Corpse Rot               Necr/Air       N/A        N/A       99%         2
 Passwall                 Tmut/Erth      0%         N/A       99%         2
 Poisonous Vapours        Pois/Air       0%         N/A       99%         2
 Slow                     Hex            0%         N/A       99%         2
 Sublimation of Blood     Necr           0%         N/A       99%         2
 Call Canine Familiar     Summ           0%         N/A       100%        3
 Confusing Touch          Hex            0%         N/A       100%        3
 Conjure Flame            Conj/Fire      0%         6-21      100%        3
 Frozen Ramparts          Ice            0%         1d2       100%        3
 Gell's Gravitas          Tloc           0%         N/A       100%        3
 Ignite Poison            Fire/Tmut/Pois 0%         N/A       100%        3
 Inner Flame              Hex/Fire       0%         N/A       100%        3
 Mephitic Cloud           Conj/Pois/Air  0%         N/A       100%        3
 Ozocubu's Armour         Ice            0%         N/A       100%        3
 Stone Arrow              Conj/Erth      0%         3d7       100%        3
 Summon Guardian Golem    Hex/Summ       0%         N/A       100%        3
 Swiftness                Air            0%         N/A       100%        3
 Vampiric Draining        Necr           0%         2d6       100%        3
 Animate Dead             Necr           0%         N/A       100%        4
 Dispel Undead            Necr           0%         3d6       100%        4
 Hailstorm                Conj/Ice       0%         3d3       100%        4
 Ice Form                 Ice/Tmut       0%         N/A       100%        4
 Olgreb's Toxic Radiance  Pois           0%         N/A       100%        4
 Passage of Golubria      Tloc           N/A        N/A       100%        4
 Petrify                  Tmut/Erth      0%         N/A       100%        4
 Sticky Flame             Conj/Fire      0%         2d3       100%        4
 Summon Ice Beast         Ice/Summ       0%         N/A       100%        4
 Summon Lightning Spire   Summ/Air       0%         N/A       100%        4
 Agony                    Necr           0%         N/A       100%        5
 Excruciating Wounds      Necr           0%         N/A       100%        5
 Fireball                 Conj/Fire      0%         3d3       100%        5
 Lee's Rapid Deconstruct  Erth           0%         3d5*      100%        5
 Metabolic Englaciation   Hex/Ice        0%         N/A       100%        5
 Yara's Violent Unravell  Hex/Tmut       0%         3d3       100%        5
 Freezing Cloud           Conj/Ice/Air   0%         6-21      100%        6
 Invisibility             Hex            0%         N/A       100%        6
 Simulacrum               Ice/Necr       0%         N/A       100%        6
 Ozocubu's Refrigeration  Ice            0%         4d5       100%        7


Dungeon Overview and Level Annotations

Branches:
Dungeon (15/15)            Temple (1/1) D:4            Lair (6/6) D:8
  Swamp (4/4) Lair:2        Snake (4/4) Lair:4        Slime (1/5) Lair:6
    Orc (2/2) D:10            Elf (0/3) Orc:2        Vaults (4/5) D:13
  Crypt (0/3) Vaults:3     Depths (0/5) D:15          IceCv (visited)

Altars:
Ashenzari
Cheibriados
Dithmenos
Elyvilon
Fedhas
Gozag
Hepliaklqana
Kikubaaqudgha
Makhleb
Nemelex Xobeh
Okawaru
Qazlal
Ru
Sif Muna
Trog
Uskayaw
Vehumet
Wu Jian
Xom
Yredelemnul
Zin
The Shining One
Beogh

Shops:
D:7 :   D:12 *   D:15 :   Orc:2 ?==?   Vaults:3 [   Vaults:4 [*


Innate Abilities, Weirdness & Mutations

You have a pair of horns on your head.
You reflexively headbutt those who attack you in melee.


Message History

You slash the deep troll!
The deep troll is severely wounded.
You completely miss the tengu reaver. You slice the tengu reaver!!
You block the tengu reaver's attack. x2
The tengu reaver claws you but does no damage.
The ironbound convoker gestures at the ironbound convoker while chanting.
The ironbound convoker seems to grow stronger.
You block the deep troll's attack. x2
The deep troll claws you but does no damage.
You slice the deep troll like a ripe choko!!!
You kill the deep troll!
You hit the tengu reaver. The tengu reaver blocks your attack.
You block the tengu reaver's attack. x2
The tengu reaver claws you but does no damage.
The tengu reaver gestures at you while chanting.
The bolt of lightning hits you!!!
* * * LOW HITPOINT WARNING * * *
You are too injured to fight recklessly!
You hit the tengu reaver but do no damage.
You headbutt the tengu reaver, but do no damage.
The tengu reaver is lightly wounded.
You carve the tengu reaver like a turkey!!!
Lightning courses through the tengu reaver!!
The tengu reaver is almost dead.
You hit the tengu reaver.
The tengu reaver points at you and mumbles some strange words.
The bolt of acid hits you!!
* * * LOW HITPOINT WARNING * * *
The acid corrodes you!
You are splashed with acid!
* * * LOW HITPOINT WARNING * * *
You feel much better. You block the tengu reaver's attack. x3
The tengu reaver hits you with a +0 long sword!!
* * * LOW HITPOINT WARNING * * *
The tengu reaver pecks you but does no damage.
The tengu reaver claws you but does no damage.
The tengu reaver gestures at you while chanting.
The bolt of acid hits you!!
* * * LOW HITPOINT WARNING * * *
The acid corrodes you!
You are splashed with acid!
You die...

,*********,,#......#,,*,,,,,,#...
,,,,,,,,,,,,#......#,,*,,,,,,#...
,,,,,***#####'######,,*##+####...
,,,,**###.....### *,,,,..........
,,,**##.........##**,,,..........
,,,*##..>........##*,,,.........#
,,,*#.....###.....#*,,,.........#
,,,##...### ###...##,,,.........#
,,,#....# #.@..########.....#
,,,#...## ##QQ.#p.....#.....#
,,,#...# #..p#......#.....#
,,,#...## ##...pTp....#.....#
,,,#....# #....#......#......
,,,##...### ###...##......#......
,,,*#.....###.....##......#......
,,,*##..>....)...######'###......
,,,**##.........##**,,,.........#


You could see an ironbound preserver (strong), 2 tengu reavers, a deep troll
(strong, sheltered) and an ironbound convoker (strong, sheltered).

Vanquished Creatures
  2 dread liches (Vaults:5)
  Bai Suzhen (Swamp:4)
  The ghost of Vomitron the Eclecticist, an adept DjEE of Gozag (Vaults:2)
  2 tentacled monstrosities
  2 titans (Vaults:4)
  3 thorn hunters
  5 sphinxes
  A tengu reaver (Vaults:3)
  3 shadow dragons (Vaults:5)
  Gastronok (Lair:1)
  2 azure jellies (IceCv)
  Donald (Orc:2)
  A fenstrider witch (Swamp:4)
  4 nagarajas
  An iron dragon (Vaults:5)
  2 fire giants (Vaults:5)
  3 deep elf sorcerers
  13 vault wardens
  2 orc warlords
  3 war gargoyles
  5 stone giants
  16 ironbound preservers
  A ghoul (Swamp:4)
  4 very ugly things
  2 vampire knights (Swamp:4)
  A deep elf demonologist (Vaults:5)
  2 hydra skeletons (Swamp:4)
  4 bunyips
  6 dire elephants
  2 entropy weavers
  An eidolon (Abyss:3)
  4 ettins
  3 crystal guardians (Vaults:4)
  4 eleionomae
  9 yaktaur captains
  Josephine (Lair:6)
  Erolcha (D:9)
  A deep elf high priest (Vaults:5)
  2 peacekeepers (Vaults:4)
  3 shambling mangroves
  8 ironbound thunderhulks
  4 starcursed masses (Abyss:3)
  16 naga warriors
  16 vault guards
  5 ghost crabs
  Harold (D:9)
  3 great orbs of eyes (Vaults:1)
  5 salamander tyrants
  2 rakshasas (Abyss:3)
  5 boulder beetles
  16 hydras
  5 catoblepae
  2 centaur warriors
  Erica (D:9)
  9 anacondas
  9 ironbound frosthearts
  9 alligators
  2 tengu warriors (D:15)
  A satyr (Abyss:3)
  5 two-headed ogres
  A spriggan berserker (Swamp:1)
  A deep troll earth mage (Vaults:5)
  4 orc high priests
  4 death yaks
  A death knight (D:13)
  A thrashing horror (Abyss:3)
  5 ironbound beastmasters
  3 shock serpents
  20 naga sharpshooters
  An iron troll (D:13)
  A shadow wraith (Vaults:5)
  3 salamander mystics
  A wretched star (Abyss:3)
  6 spriggan druids
  A death drake (Swamp:2)
  6 goliath frogs
  12 swamp dragons
  34 deep trolls
  A glowing orange brain (Vaults:1)
  3 lindwurms (Vaults:4)
  12 naga ritualists
  9 bog bodies
  A spectral hydra (Swamp:4)
  4 wizards
  Pikel (D:6)
  9 phantasmal warriors
  14 ironbound convokers
  8 orc knights
  13 ugly things
  3 harpies
  2 deep elf pyromancers
  16 salamanders
  7 cyclopes
  4 will-o-the-wisps
  2 manticores
  11 mana vipers
  7 orc sorcerers (Orc:2)
  11 oklob plants
  2 salamanders (shapeshifter)
  3 worldbinders (Abyss:3)
  47 black mambas
  15 vault sentinels
  8 elephants
  A torpor snail (Lair:2)
  2 smoke demons (Abyss:3)
  2 ice statues (IceCv)
  2 water nymphs (Abyss:3)
  26 naga magi
  2 guardian serpents
  A guardian serpent (shapeshifter) (D:15)
  A gargoyle (D:12)
  20 cane toads
  4 rime drakes
  Psyche (D:9)
  An unseen horror (D:10)
  15 yaktaurs
  9 komodo dragons
  A very ugly thing simulacrum (IceCv)
  Maggie (D:6)
  5 freezing wraiths
  2 hellwings (Abyss:3)
  A queen bee (Lair:4)
  3 entropy weaver simulacra (IceCv)
  8 polar bears
  A meliai (shapeshifter) (D:13)
  An ancient zyme (Abyss:3)
  A hydra zombie (Swamp:4)
  A death drake zombie (Swamp:4)
  3 meliai (Lair:4)
  4 trolls
  8 tyrant leeches
  32 blink frogs
  24 hornets
  60 slime creatures
  A meliai zombie (D:10)
  29 spriggans
  A dire elephant simulacrum (Abyss:3)
  2 redbacks (Vaults:1)
  A wyvern (shapeshifter) (Vaults:5)
  8 wyverns
  9 wraiths
  40 yaks
  7 basilisks
  9 vampire mosquitoes
  2 steam dragons
  Grum (D:9)
  A basilisk (shapeshifter) (D:10)
  A chaos spawn (Abyss:3)
  15 swamp worms
  6 wargs
  3 demonic crawler simulacra (IceCv)
  43 nagas
  19 water moccasins
  5 hydra simulacra (Swamp:4)
  2 acid dragons
  34 orc warriors
  3 swamp drakes
  2 swamp dragon zombies (Swamp:4)
  3 ugly thing simulacra (IceCv)
  4 ice beasts
  8 black bears
  4 necrophages
  3 boggarts (Lair:6)
  42 wolves
  5 ogres
  8 centaurs
  3 swamp dragon skeletons (Swamp:4)
  4 kobold brigands
  13 bullfrogs
  A wyvern zombie (D:9)
  4 scorpions
  A wyvern skeleton (D:6)
  41 killer bees
  6 wights
  An electric eel (D:11)
  2 howler monkeys
  3 centaur zombies (D:10)
  4 hounds
  A bullfrog zombie (D:6)
  A bullfrog skeleton (D:7)
  A jelly (D:5)
  22 orc priests
  2 gnoll shamans
  25 orc wizards
  2 iguanas
  A hell rat (Lair:4)
  4 small abominations (Abyss:3)
  A hound zombie (D:5)
  A howler monkey zombie (D:9)
  16 gnolls
  5 adders
  A river rat (Lair:4)
  An ufetubus (D:6)
  A worm (D:2)
  70 orcs
  4 bats
  9 endoplasms
  2 giant cockroaches
  7 goblins
  3 hobgoblins
  20 kobolds
  7 ball pythons
  4 frilled lizards (D:1)
  A rat (D:3)
1426 creatures vanquished.

Vanquished Creatures (collateral kills)
  A dread lich (Vaults:5)
  A lich (Vaults:5)
  A titan (Vaults:5)
  A deep elf blademaster (Abyss:3)
  A thorn hunter (Abyss:3)
  2 shadow dragons (Vaults:5)
  A storm dragon (Vaults:5)
  A fire giant (Vaults:5)
  2 vault wardens (Vaults:5)
  2 stone giants (Vaults:5)
  A deep elf demonologist (Vaults:5)
  2 ettins (Vaults:5)
  A deep elf high priest (Vaults:5)
  2 yaktaur captains (Vaults:5)
  14 vault guards (Vaults:5)
  An ogre mage (Vaults:5)
  A naga warrior (Snake:4)
  3 harpies (Vaults:5)
  An ironbound convoker (Vaults:5)
  A salamander (shapeshifter) (Vaults:5)
  2 worldbinders (Abyss:3)
  A vault sentinel (Vaults:5)
  A black mamba (shapeshifter) (Vaults:5)
  An efreet (Abyss:3)
  An air elemental (Abyss:3)
  2 water elementals (Abyss:3)
  2 large abominations (Abyss:3)
  A small abomination (Abyss:3)
51 creatures vanquished.

Vanquished Creatures (others)
  Jorgrun (Swamp:3)
  A naga warrior (Snake:4)
  A spriggan druid (Swamp:3)
  A black mamba (Snake:4)
  An entropy weaver simulacrum (IceCv)
  A very ugly thing simulacrum (IceCv)
  A tyrant leech (Swamp:3)
  A bloated husk (Swamp:4)
  A demonic crawler simulacrum (IceCv)
  An ugly thing simulacrum (IceCv)
  A glowing shapeshifter simulacrum (IceCv)
  An orc wizard (D:4)
  An ufetubus (Abyss:3)
  2 orcs (Orc:2)
  22 foxfires
  50 fungi
  82 plants
169 creatures vanquished.

Grand Total: 1646 creatures vanquished

Notes
Turn   | Place    | Note
-------+----------+-------------------------------------------
     0 | D:1      | leviel the Minotaur Fighter began the quest for the Orb.
     0 | D:1      | Reached XP level 1. HP: 19/19 MP: 0/0
   144 | D:1      | Found a faded altar of an unknown god.
   176 | D:1      | Reached XP level 2. HP: 27/27 MP: 1/1
  1075 | D:2      | Reached XP level 3. HP: 33/34 MP: 2/2
  1926 | D:3      | Noticed an ice beast
  1936 | D:3      | Killed an ice beast
  1937 | D:3      | Reached skill level 5 in Fighting
  1937 | D:3      | Reached skill level 5 in Axes
  1937 | D:3      | Reached XP level 4. HP: 32/42 MP: 3/3
  1937 | D:3      | Reached XP level 5. HP: 37/48 MP: 4/4
  2771 | D:4      | Noticed a black bear
  2792 | D:3      | Killed a black bear
  2793 | D:3      | Reached XP level 6. HP: 32/57 MP: 5/5
  2954 | D:4      | Found a staircase to the Ecumenical Temple.
  2984 | Temple   | Entered the Ecumenical Temple
  3115 | Temple   | Became a worshipper of the Shining One
  3596 | D:4      | Reached XP level 7. HP: 55/64 MP: 6/6
  3886 | D:4      | Found a bloodstained altar of Trog.
  4341 | D:4      | Found a shimmering blue altar of Sif Muna.
  4344 | D:4      | Identified Sif Muna's Disquisition on Summoning
  4678 | D:5      | Entered Level 5 of the Dungeon
  5122 | D:5      | Reached XP level 8. HP: 73/73 MP: 7/7
  5677 | D:6      | Reached * piety under the Shining One
  5736 | D:6      | Reached skill level 10 in Axes
  5824 | D:6      | Noticed Maggie
  5838 | D:6      | Killed Maggie
  6727 | D:6      | Reached XP level 9. HP: 83/83 MP: 8/8
  6867 | D:6      | Noticed Pikel
  6884 | D:6      | Killed Pikel
  7236 | D:6      | Reached skill level 10 in Fighting
  7595 | D:7      | Found Niogent's Book Shop.
  7865 | D:7      | Found a glowing silver altar of Zin.
  7865 | D:7      | Found an opulent altar of Gozag.
  8283 | D:8      | Reached ** piety under the Shining One
  8285 | D:8      | Found a staircase to the Lair.
  8293 | D:8      | Reached XP level 10. HP: 60/94 MP: 9/9
  8304 | D:8      | Noticed a two-headed ogre
  8623 | D:7      | Killed a two-headed ogre
 10018 | D:9      | Reached skill level 15 in Axes
 10213 | D:9      | Noticed Erolcha
 10221 | D:9      | Killed Erolcha
 10222 | D:9      | Reached skill level 1 in Invocations
 10403 | D:9      | Reached *** piety under the Shining One
 10589 | D:9      | Noticed Harold
 10599 | D:9      | Killed Harold
 10600 | D:9      | Reached XP level 11. HP: 74/104 MP: 11/11
 10771 | D:9      | Noticed Grum
 10780 | D:9      | Reached skill level 5 in Armour
 10784 | D:9      | Killed Grum
 11203 | D:9      | Noticed Erica
 11212 | D:9      | Killed Erica
 11310 | D:9      | Noticed Psyche
 11315 | D:9      | Killed Psyche
 11358 | D:10     | Entered Level 10 of the Dungeon
 11784 | D:10     | Noticed a two-headed ogre
 11791 | D:10     | Noticed a boulder beetle
 11792 | D:10     | Killed a two-headed ogre
 11795 | D:10     | Noticed a white ugly thing
 11797 | D:10     | Noticed a cyan ugly thing
 11840 | D:9      | Killed a boulder beetle
 12118 | D:10     | Killed a white ugly thing
 12417 | D:10     | Killed a cyan ugly thing
 12420 | D:10     | Reached skill level 5 in Invocations
 12586 | D:10     | Found a staircase to the Orcish Mines.
 13048 | D:11     | Reached XP level 12. HP: 94/111 MP: 13/15
 13175 | D:11     | Noticed a two-headed ogre
 13180 | D:11     | Killed a two-headed ogre
 13200 | D:11     | Noticed a catoblepas
 13241 | D:11     | Killed a catoblepas
 14359 | D:12     | Reached **** piety under the Shining One
 14565 | D:12     | Noticed a two-headed ogre
 14570 | D:12     | Killed a two-headed ogre
 14712 | D:12     | Identified the ring of Ubait {rF+ Will- Str+5 Int+6 Dex+3}
 14784 | D:12     | Noticed an eight-headed hydra
 14791 | D:12     | Killed a five-headed hydra
 14994 | D:12     | Found Rexouro's General Store.
 15110 | D:12     | Found a shimmering altar of Xom.
 15110 | D:12     | Found a shimmering altar of Xom.
 15110 | D:12     | Found a shimmering altar of Xom.
 15125 | D:12     | Found a shimmering altar of Xom.
 15479 | Orc:1    | Entered Level 1 of the Orcish Mines
 15614 | Orc:2    | Entered Level 2 of the Orcish Mines
 15636 | Orc:2    | Noticed Donald
 15651 | Orc:2    | Killed Donald
 15786 | Orc:2    | Found a staircase to the Elven Halls.
 15836 | Orc:2    | Noticed an orc warlord
 15866 | Orc:2    | Killed an orc warlord
 16496 | Orc:2    | Found Yreph's Magic Scroll Shoppe.
 16501 | Orc:2    | Noticed an orc high priest
 16522 | Orc:2    | Killed an orc high priest
 16523 | Orc:2    | Reached XP level 13. HP: 56/117 MP: 17/17
 16813 | Orc:2    | Reached skill level 10 in Armour
 17793 | Orc:2    | Found Ekap's Jewellery Boutique.
 17797 | Orc:2    | Bought a scroll of enchant armour for 120 gold pieces
 17797 | Orc:2    | Bought a scroll of enchant armour for 120 gold pieces
 17797 | Orc:2    | Bought a scroll of enchant weapon for 120 gold pieces
 17797 | Orc:2    | Bought a scroll of teleportation for 48 gold pieces
 17797 | Orc:2    | Bought a scroll of teleportation for 48 gold pieces
 17797 | Orc:2    | Bought a scroll of blinking for 120 gold pieces
 17797 | Orc:2    | Bought a scroll of magic mapping for 56 gold pieces
 17797 | Orc:2    | Bought a scroll of magic mapping for 56 gold pieces
 17800 | Orc:2    | Bought an amulet of regeneration for 450 gold pieces
 17805 | Orc:2    | Found Wothraty's Magic Scroll Boutique.
 17807 | Orc:2    | Found Udee's Jewellery Shoppe.
 18217 | Lair:1   | Entered Level 1 of the Lair of Beasts
 18217 | Lair:1   | Noticed Gastronok
 18230 | Lair:1   | Killed Gastronok
 18294 | Lair:1   | Reached ***** piety under the Shining One
 18380 | Lair:1   | Reached skill level 5 in Shields
 18919 | Lair:2   | Found a frozen archway.
 18927 | IceCv    | Entered an ice cave
 19229 | IceCv    | Identified the ring "Wuimm" {*Slow rN+ Str+3 Int+5}
 19819 | IceCv    | Reached XP level 14. HP: 118/125 MP: 20/20
 19830 | IceCv    | Noticed an azure jelly
 19833 | IceCv    | Found a viscous altar of Jiyva.
 19833 | IceCv    | Noticed an azure jelly
 19837 | IceCv    | Killed an azure jelly
 19840 | IceCv    | Killed an azure jelly
 20445 | Lair:2   | Reached skill level 10 in Invocations
 20586 | Lair:2   | Found a staircase to the Swamp.
 20592 | Lair:2   | Reached skill level 10 in Shields
 21343 | Lair:3   | Identified the +0 chain mail "Buul" {rN++ Int+7 Dex-4}
 22583 | Lair:4   | Found a staircase to the Snake Pit.
 23083 | Lair:4   | Reached ****** piety under the Shining One
 23484 | Lair:5   | Reached XP level 15. HP: 132/132 MP: 22/22
 23692 | Lair:5   | You fall into a shaft and drop 1 floor!
 23692 | Lair:6   | Entered Level 6 of the Lair of Beasts
 23762 | Lair:5   | You fall into a shaft and drop 1 floor!
 23778 | Lair:6   | Noticed Josephine
 23791 | Lair:6   | Killed Josephine
 24692 | Lair:6   | Found a staircase to the Slime Pits.
 24877 | Lair:6   | Reached skill level 15 in Shields
 25177 | Lair:6   | Identified the +1 cloak of Lacoom {Fly}
 25321 | Slime:1  | Entered Level 1 of the Pits of Slime
 25535 | Swamp:1  | Entered Level 1 of the Swamp
 26437 | D:13     | Found a gate to the Vaults.
 26538 | D:13     | Reached XP level 16. HP: 101/139 MP: 24/24
 26709 | D:14     | Found a broken altar of Ashenzari.
 27165 | D:14     | Identified a +2 sacred scourge of holy wrath (a +0 demon
                  | whip blessed by the Shining One)
 27165 | D:14     | Received a gift from the Shining One
 27452 | D:14     | Identified a scroll of acquirement
 27452 | D:14     | Acquired the +7 tower shield "Reunin" {Will+ Slay+3}
 27649 | D:15     | Entered Level 15 of the Dungeon
 27707 | D:15     | Found a staircase to the Depths.
 28318 | D:15     | Found Waufuidd's Book Emporium.
 29179 | Swamp:1  | You are sucked into a shaft and drop 1 floor!
 29686 | Swamp:2  | Noticed a thorn hunter
 29697 | Swamp:2  | Killed a thorn hunter
 29830 | Swamp:3  | Noticed a tentacled monstrosity
 29840 | Swamp:3  | Killed a tentacled monstrosity
 30374 | Swamp:3  | Reached XP level 17. HP: 146/146 MP: 25/25
 30411 | Swamp:3  | Noticed Jorgrun
 30429 | Swamp:3  | Killed Jorgrun
 30645 | Swamp:4  | Entered Level 4 of the Swamp
 30698 | Swamp:4  | Noticed Bai Suzhen
 30713 | Swamp:4  | Killed Bai Suzhen
 30775 | Swamp:4  | HP: 4/146 [will-o-the-wisp/foxfire (11)]
 31114 | Swamp:4  | Identified the +9 broad axe of Kuimna {drain, rElec rCorr
                  | Str+6 Stlth-}
 31361 | Swamp:4  | Found a blossoming altar of Fedhas.
 31374 | Swamp:4  | Found a basalt altar of Yredelemnul.
 32077 | Orc:2    | Bought a ring of resist corrosion for 300 gold pieces
 32455 | Swamp:4  | Got a decaying rune of Zot
 32620 | Snake:1  | Entered Level 1 of the Snake Pit
 33198 | Snake:1  | Identified the -5 hat of the Moon {rF+ rC+ MP-9 Int+3}
 33218 | Snake:1  | Reached XP level 18. HP: 152/152 MP: 26/26
 34145 | Snake:3  | Identified the +8 plate armour of Resourcefulness {Str+2}
 34692 | Snake:4  | Entered Level 4 of the Snake Pit
 34699 | Snake:4  | Reached skill level 1 in Evocations
 35173 | Snake:4  | Reached skill level 5 in Evocations
 35497 | Snake:4  | Reached XP level 19. HP: 148/159 MP: 27/27
 35995 | Snake:4  | Got a serpentine rune of Zot
 36440 | Vaults:1 | Entered Level 1 of the Vaults
 36580 | Vaults:1 | Reached skill level 10 in Evocations
 36630 | Vaults:1 | Paralysed by a sphinx for 7 turns
 37541 | Vaults:2 | Found a runed translucent door.
 37541 | Vaults:2 | Noticed Vomitron's ghost (adept DjEE)
 37576 | Vaults:2 | Killed Vomitron's ghost
 37880 | Vaults:3 | Found Pyneich's Antique Armour Shop.
 37884 | Vaults:3 | Reached XP level 20. HP: 153/172 MP: 28/28
 38107 | Vaults:4 | Found Dasm's Armour Emporium.
 38114 | Vaults:4 | Found Ufoy's Assorted Antiques.
 38963 | Vaults:4 | Identified the +2 pair of boots "Yzerch" {rN+ Str+3}
 39301 | Vaults:4 | Reached skill level 15 in Fighting
 39358 | Vaults:5 | Entered Level 5 of the Vaults
 39365 | Vaults:5 | Noticed a dread lich
 39374 | Vaults:5 | Killed a dread lich
 39382 | Vaults:5 | Reached XP level 21. HP: 172/185 MP: 7/29
 39398 | Vaults:5 | Identified the +7 tower shield "Sijim" {Int+4}
 39403 | Vaults:5 | Noticed a dread lich
 39411 | Vaults:5 | Paralysed by a dread lich for 2 turns
 39415 | Vaults:5 | Killed a dread lich
 39484 | Vaults:5 | Noticed a dread lich
 39495 | Vaults:5 | Paralysed by a dread lich for 7 turns
 39504 | Vaults:5 | Killed a dread lich
 39599 | Vaults:5 | Cast into level 3 of the Abyss (a deep elf sorcerer)
 39872 | Vaults:5 | Escaped the Abyss
 39964 | Vaults:5 | Got a silver rune of Zot
 40209 | Vaults:3 | HP: 3/191 [tengu reaver/bolt of acid[Sojobo] (20)]
 40209 | Vaults:3 | Splashed by a tengu reaver's acid

Illustrated notes

Levels and vault maps discovered:
D:1:      lemuel_arrival_broad_hall, layout_basic,
          shapermc_ecumenical_altar_starsandcircs
D:2:      layout_rooms, serial_bayou, serial_bayou_shore_b, serial_bayou_pond_c,
          serial_bayou_shore_b, serial_bayou_shore_b
D:3:      layout_rooms
D:4:      layout_rooms, nzn_overflow_gifts_of_might_and_magic,
          minmay_temple_entry_wispy, minmay_small_thing
D:5:      layout_loops_ring, grunt_decor_fettered
D:6:      layout_cave_pods, uniq_maggie, uniq_pikel
D:7:      layout_loops_cross, grunt_temple_overflow_gold_and_silver,
          serial_shops, nicolae_shop_waterfront
D:8:      layout_basic, due_lair_maze_entry_diamond
D:9:      layout_irregular_city, uniq_grum, uniq_erica, uniq_harold,
          uniq_erolcha, uniq_psyche
D:10:     cheibrodos_fzero, layout_gridville, orc_0_dummy,
          hangedman_decor_clover_reticule
D:11:     layout_basic
D:12:     layout_cave_pools, serial_shops, nicolae_shop_trees,
          serial_co_window_serial, co_window_paths_a, co_window_paths_b,
          co_window_corner_a, co_window_paths_a, co_window_paths_b,
          co_window_corner_cb, co_window_of_opportunity_b, co_window_2corner,
          co_window_2corner, co_window_broadway_c, co_window_unsneaky_path_a,
          glass_columns_a, glass_columns_b, glass_columns_a, glass_columns_a,
          xom_redecorated
D:13:     layout_rooms, david_vaults_4
D:14:     layout_roguey, ashenzari_conservatory_becter, special_room
          [special_room_orc]
D:15:     grunt_enter_depths_snipers, layout_loops_corners, serial_shops,
          nicolae_shop_trees, chequers_serial_rivers_small_3
Temple:   regret_index_temple_mists
Lair:1:   layout_hall_layers, uniq_gastronok
Lair:2:   dpeg_oklob_gauntlet, layout_cave_pods, skrybe_swamp_entry_bodies,
          portal_ice_cave_entry_pillars_1, minmay_shattered_shrine
Lair:3:   layout_cave_pods, minmay_stone_trees_medium, st_stairs_13,
          forest_entry_grove, grunt_megastairs_1, minmay_lair_oklob_chamber
Lair:4:   regret_index_bee_streams, layout_loops_ring, dummy_snake_entry
Lair:5:   layout_small_grid, beast_lair_carwin_9
Lair:6:   minmay_lair_end_enchanted_forest, layout_cave_shapes,
          minmay_slime_entry_oklob_enclosed, eino_small_chamber_without_monster,
          uniq_josephine
Swamp:1:  layout_basic_swamp, evilmike_swamp_ruin_house_1, swamp_pool1,
          nicolae_swamp_bloodsuckers_inc
Swamp:2:  layout_basic_swamp, nicolae_swamp_big_swirl
Swamp:3:  layout_basic_swamp, serial_swamp_ruin, evilmike_swamp_ruin_rubble_2,
          evilmike_swamp_ruin_house_2, uniq_jorgrun
Swamp:4:  byrel_swamp_growth_death_and_undeath, layout_basic_swamp,
          uniq_bai_suzhen
Snake:1:  layout_basic, grunt_ministairs_7
Snake:2:  layout_rooms
Snake:3:  layout_misc_corridors
Snake:4:  snake_pit, layout_layer_cave
Slime:1:  layout_caves
Orc:1:    layout_diamond_mine, nicolae_orc_sculptors_studio
Orc:2:    st_orc_elflike, layout_diamond_mine, mines1_david, uniq_donald
Vaults:1: ontoclasm_vaults_shuriken, v_misc_3, hangedman_vaults_trim,
          hangedman_vaults_corner, nicolae_vaults_border_crossing,
          hangedman_vaults_stream, hangedman_vaults_corner_blocks,
          vaults_mumra_hex, vaults_dpeg_doors, st_cross,
          grunt_vaults_hallway_long, v_misc_16, vaults_dpeg_encased_lava,
          vaults_room_pools, layout_vaults_maze_bifur,
          infiniplex_enter_wizlab_water
Vaults:2: ebering_vaults_ghost_inner_flame, v_rooms_3,
          nicolae_vaults_network_barrier, hangedman_vaults_river_flow,
          v_alt_pattern_3, nicolae_vaults_shelves_hall, v_misc_18,
          vaults_dpeg_cross, hangedman_vaults_unwind,
          nicolae_vaults_hallways_thing, ontoclasm_vaults_ligature,
          nicolae_vaults_little_squares_2, ontoclasm_vaults_chip,
          layout_vaults_big_room, serial_glass
Vaults:3: nicolae_vaults_gold_heap, ontoclasm_vaults_twist,
          nicolae_vaults_stairing_the_circle, v_misc_1,
          nicolae_vaults_shelves_hall, vaults_standard_mumra_lines,
          grunt_vaults_hallway_long, minmay_crypt_entry_simple_plaza,
          nicolae_vaults_twisting_passages, v_alt_pattern_5,
          hangedman_vaults_stagger, ontoclasm_vaults_gateway,
          vaults_room_stairs_pillars, vaults_room_pools, layout_vaults_omnibox,
          serial_shops, nicolae_shop_behind_doors, uniq_sojobo
Vaults:4: v_misc_32, vaults_room_large_hall, nicolae_vaults_network_quinsquares
          [nicolae_vaults_network_quincunx_subvault,
          nicolae_vaults_network_quincunx_subvault,
          nicolae_vaults_network_quincunx_subvault,
          nicolae_vaults_network_quincunx_subvault],
          nicolae_vaults_network_star, v_pattern_2, st_lines,
          nicolae_vaults_three_branches, ontoclasm_vaults_chip,
          nicolae_vaults_rhombus_6, layout_vaults_ring, serial_shops,
          nicolae_shop_behind_doors, nicolae_shop_stone
Vaults:5: serial_shops

Skill      XL: |  1  2  3  4  5  6  7  8  9 10 11 12 13 14 15 16 17 18 19 20 21 |
---------------+----------------------------------------------------------------+-----
Fighting       | 4 5 6 7 9 10 11 13 15 17 | 17.3
Axes           | 3 5 6 7 9 11 13 15 17 18 19 21 23 25 | 25.4
Armour         | 4 7 9 11 | 11.2
Invocations    | 2 5 7 9 11 12 | 12.5
Shields        | 7 13 16 20 23 25 | 25.0
Evocations     | 7 10 | 10.0

Action                   |  1- 3 |  4- 6 |  7- 9 | 10-12 | 13-15 | 16-18 | 19-21 || total
-------------------------+-------+-------+-------+-------+-------+-------+-------++-------
Melee: War axe           |    88 |    75 |    81 |    26 |   341 |   132 |       ||   743
       Headbutt          |    11 |    10 |    22 |    92 |   279 |   351 |   353 ||  1118
       Broad axe         |       |       |    88 |   360 |   667 |  1062 |   971 ||  3148
Throw: Throwing net      |       |       |       |     1 |       |       |       ||     1
Invok: Divine Shield     |       |       |       |     1 |       |     1 |     1 ||     3
       Brand Weapon With |       |       |       |       |       |     1 |       ||     1
       Summon Divine War |       |       |       |       |       |       |    13 ||    13
       Cleansing Flame   |       |       |       |       |       |       |     1 ||     1
Evoke: Wand              |       |       |       |       |    13 |     6 |       ||    19
       Phantom mirror    |       |       |       |       |       |       |     1 ||     1
  Use: Potion            |       |     3 |       |     8 |     6 |     4 |     5 ||    26
       Scroll            |       |       |    14 |    10 |    12 |    16 |    10 ||    62
Armor: Scale mail        |    30 |    33 |    16 |       |       |       |       ||    79
       Plate armour      |       |       |    53 |   209 |   505 |   584 |   209 ||  1560
Dodge: Dodged            |    20 |    18 |    23 |    34 |   104 |   157 |    61 ||   417
Block: Kite shield       |    46 |    44 |    21 |       |       |       |       ||   111
       Tower shield      |       |       |    90 |   323 |   853 |  1589 |   972 ||  3827

Table legend: (Time is in decaauts)
 A = Elapsed time spent in this place.
 B = Non-inter-level travel time spent in this place.
 C = Inter-level travel time spent in this place.
 D = Time resting spent in this place.
 E = Time spent auto-exploring this place.
 F = Levels seen in this place.
 G = Mean time per level.
                   A        B        C        D        E       F      G
               +--------+--------+--------+--------+--------+-----+--------+
         Total |  39961 |  36738 |   3223 |   8143 |  20956 |  40 |  999.0 |
       Dungeon |  18689 |  17375 |   1314 |   4664 |  10620 |  15 | 1245.9 |
        Temple |    202 |    175 |     27 |      0 |    168 |   1 |  202.0 |
          Lair |   6976 |   5937 |   1039 |    561 |   4008 |   6 | 1162.7 |
         Swamp |   3274 |   2950 |    324 |    556 |   1448 |   4 |  818.5 |
     Snake Pit |   3390 |   3237 |    153 |    268 |   1914 |   4 |  847.5 |
    Slime Pits |     22 |     22 |      0 |      0 |      0 |   1 |   22.0 |
  Orcish Mines |   2843 |   2601 |    242 |   1034 |   1190 |   2 | 1421.5 |
        Vaults |   3241 |   3119 |    122 |    468 |   1360 |   5 |  648.2 |
         Abyss |    249 |    249 |      0 |      0 |    105 |   1 |  249.0 |
      Ice Cave |   1070 |   1070 |      0 |    591 |    141 |   1 | 1070.0 |
               +--------+--------+--------+--------+--------+-----+--------+

Top non-repeatable levels by time:
   Orc:2: 2527 daAuts
     D:9: 1887 daAuts
     D:6: 1790 daAuts
     D:4: 1658 daAuts
  Lair:2: 1564 daAuts
    D:10: 1553 daAuts
     D:7: 1418 daAuts
 Snake:4: 1387 daAuts
    D:11: 1347 daAuts
  Lair:3: 1342 daAuts
Vaults:4: 1288 daAuts
  Lair:6: 1287 daAuts
     D:8: 1203 daAuts
    D:12: 1168 daAuts
 Swamp:3: 1162 daAuts
